 Dungeon Crawl Stone Soup version 0.23.2-1-ga50397a (webtiles) character file.

Game seed: 5264571483848226221

71 myga the Grasshopper (level 4, -17/38 HPs)
             Began as a Centaur Warper on May 24, 2019.
             Demolished by an ogre
             ... wielding a +0 giant club
              (18 damage)
             ... on level 3 of the Dungeon on May 25, 2019.
             The game lasted 00:08:21 (1644 turns).

myga the Grasshopper (Centaur Warper)               Turns: 1644, Time: 00:08:23

Health: -17/38     AC:  8    Str: 14    XL:     4   Next: 5%
Magic:  3/6        EV:  9    Int: 10    God:
Gold:   121        SH:  0    Dex:  9    Spells: 2/6 levels left

rFire    . . .     SeeInvis .   a - +0 spear
rCold    . . .     Gourm    .   (no shield)
rNeg     . . .     Faith    .   b - +0 leather armour
rPois    .         Spirit   .   (no helmet)
rElec    .         Reflect  .   i - +0 cloak
rCorr    .         Harm     .   (no gloves)
MR       .....                  (no barding)
Stlth    ..........             t - amulet of magic regeneration
HPRegen  0.12/turn              (no ring)
MPRegen  0.35/turn              (no ring)

@: very slightly contaminated, very quick
A: large, hooves 3, rugged brown scales 1, yellow scales 1, deformed body, dopey
1, speed 2, tough skin 3, MP-powered wands
a: no special abilities


You were on level 3 of the Dungeon.
You were hungry.

You visited 1 branch of the dungeon, and saw 3 of its levels.

You collected 121 gold pieces.

Inventory:

Hand Weapons
 a - a +0 spear (weapon)
Missiles
 c - 135 stones
 e - 4 tomahawks of dispersal
 h - 12 tomahawks (quivered)
Armour
 b - a +0 leather armour (worn)
 i - a +0 cloak (worn)
Jewellery
 k - an uncursed ring of ice
 t - an amulet of magic regeneration (around neck)
 u - a +4 amulet of reflection {unknown}
Scrolls
 d - a scroll of blinking
 g - a scroll of amnesia
 m - 3 scrolls of remove curse
 p - a scroll of immolation
Potions
 j - a potion of invisibility
 l - a potion of experience
 o - a potion of cancellation
 q - 2 potions of resistance {unknown}
 r - 2 potions of might {unknown}
 s - a potion of ambrosia {unknown}
Comestibles
 f - 6 rations
 n - 9 chunks of flesh


   Skills:
 + Level 2.5 Fighting
 + Level 2.7 Polearms
 + Level 1.7 Throwing
 + Level 0.8 Armour
 + Level 1.7 Dodging
 + Level 1.7 Spellcasting
 + Level 2.8 Translocations


You had 2 spell levels left.
You knew the following spells:

 Your Spells              Type           Power        Failure   Level  Hunger
a - Blink                 Tloc           N/A          19%         2    ###....
b - Shroud of Golubria    Chrm/Tloc      #.........   32%         2    ###....

Your spell library contained the following spells:

 Spells                   Type           Power        Failure   Level  Hunger
 Gell's Gravitas          Tloc           #.........   36%         3    ####...
 Lesser Beckoning         Tloc           #.........   36%         3    ####...
 Teleport Other           Tloc           #.......     36%         3    ####...
 Passage of Golubria      Tloc           N/A          77%         4    #####..


Dungeon Overview and Level Annotations

Branches:
Dungeon (3/15)

Altars:
Cheibriados
Fedhas
Makhleb
Ru

Annotations:
D:3 1 runed translucent door, Crazy Yiuf


Innate Abilities, Weirdness & Mutations

You have hooves in place of feet.
Armour fits poorly on your strangely shaped body.
You cover ground very quickly.
You have extremely tough skin. (AC +3)
You are partially covered in rugged brown scales. (AC +1, +3% HP)
You are partially covered in yellow scales. (AC +2)
You are dopey. (Int -2)
You expend magic power (3 MP) to strengthen your wands.


Message History

* * * LOW HITPOINT WARNING * * *
Sorry, you're not good enough to have a special ability.
Unknown command.
Cast which spell? (? or * to list)
You blink.
You are feeling hungry.
Attack whom?
Press: ? - help, Dir - move target cursor, f/p - ogre
Aim: an ogre, wielding a +0 giant club (almost dead)
You reach to attack!
You barely miss the ogre.
The ogre is almost dead.
Sorry, you're not good enough to have a special ability.
Unknown command.
Casting: Blink (safe; 19% risk of failure)
Confirm with . or Enter, or press ? or * to list all spells.
You miscast Blink.
You are very lightly contaminated with residual magic.
You spin around.
The ogre hits you with a +0 giant club!!
You die...

##### ###### ##### #....
##..... #..ยง# #####....
#...... #...# #........
#...... #...# #........
#......##(..####........
#......O...............
#.....@.#####.#........
#..........##.#.......#
###+#......##.##.......
+......##..........
#......#...........
#......#...........
...................
...................
..........


You could see an ogre.

Vanquished Creatures
  3 adders
  A worm (D:2)
  2 dart slugs (D:1)
  A leopard gecko (D:1)
  3 orcs (D:3)
  3 bats
  2 goblins
  4 hobgoblins
  4 jackals (D:3)
  3 kobolds
  A quokka (D:2)
  4 frilled lizards
  3 rats
34 creatures vanquished.

Notes
Turn   | Place    | Note
-------+----------+-------------------------------------------
     0 | D:1      | myga the Centaur Warper began the quest for the Orb.
     0 | D:1      | Reached XP level 1. HP: 17/17 MP: 3/3
   142 | D:1      | Reached XP level 2. HP: 24/24 MP: 4/4
   558 | D:1      | Gained mutation: You occasionally shout uncontrollably at
                  | your foes. [potion of mutation]
   558 | D:1      | Gained mutation: You are dopey. (Int -2) [potion of
                  | mutation]
   558 | D:1      | Gained mutation: You are partially covered in yellow
                  | scales. (AC +2) [potion of mutation]
   558 | D:1      | Gained mutation: Your flesh is heat resistant. (rF+)
                  | [potion of mutation]
   559 | D:1      | Lost mutation: You occasionally shout uncontrollably at
                  | your foes. [potion of mutation]
   559 | D:1      | Lost mutation: Your flesh is heat resistant. (rF+) [potion
                  | of mutation]
   559 | D:1      | Gained mutation: You are very dopey. (Int -4) [potion of
                  | mutation]
   559 | D:1      | Gained mutation: You expend magic power (3 MP) to
                  | strengthen your wands. [potion of mutation]
   559 | D:1      | Lost mutation: You are very dopey. (Int -4) [potion of
                  | mutation]
   559 | D:1      | Gained mutation: You are partially covered in rugged brown
                  | scales. (AC +1, +3% HP) [potion of mutation]
   565 | D:1      | Learned a level 2 spell: Blink
   568 | D:1      | Learned a level 2 spell: Shroud of Golubria
   571 | D:2      | Found a burning altar of Makhleb.
   593 | D:2      | Found a blossoming altar of Fedhas.
   698 | D:2      | Reached XP level 3. HP: 30/30 MP: 5/5
  1092 | D:2      | Found a sacrificial altar of Ru.
  1092 | D:2      | Found a snail-covered altar of Cheibriados.
  1492 | D:3      | Found a runed translucent door.
  1493 | D:3      | Noticed Crazy Yiuf
  1564 | D:3      | Reached XP level 4. HP: 36/38 MP: 6/6
  1624 | D:3      | Noticed an ogre
  1640 | D:3      | HP: 1/38 [ogre/+0 giant club (3)]
  1644 | D:3      | Demolished by an ogre

Skill      XL: |  1 |
---------------+----+-----
Polearms       | 2 |  2.7
Fighting       | |  2.5
Throwing       | |  1.7
Armour         | |  0.8
Dodging        | |  1.7
Spellcasting   | |  1.7
Translocations | |  2.8

Action                   |  1- 3 |  4- 6 || total
-------------------------+-------+-------++-------
Melee: Spear             |   107 |    27 ||   134
       Kick              |    15 |     3 ||    18
Throw: Tomahawk          |    13 |     1 ||    14
 Cast: Blink             |       |     1 ||     1
  Use: Potion            |     2 |       ||     2
       Scroll            |     6 |       ||     6
  Eat: Chunk             |     1 |       ||     1
Armor: Leather armour    |    33 |     6 ||    39
Dodge: Dodged            |    38 |     9 ||    47
